 Dungeon Sprint DCSS version 0.22.1-1-ga44c0e56f4 (webtiles) character file.

11813 MuseOD the Unseen (level 11, -25/64 HPs)
             Began as a Spriggan Enchanter on Sept 27, 2018.
             Was the Champion of Dithmenos.
             Annihilated by Polyphemus (42 damage)
             ... in the Dungeon (Sprint III: "The Ten Rune Challenge").
             The game lasted 00:06:42 (1815 turns).

MuseOD the Unseen (Spriggan Enchanter)              Turns: 1815, Time: 00:06:42

Health: -25/64     AC:  2    Str:  4    XL:     11   Next: 54%
Magic:  12/24      EV: 18    Int: 21    God:    Dithmenos [******]
Gold:   33         SH:  0    Dex: 16    Spells: 17/26 levels left

rFire    . . .     SeeInvis +   r - +3 dagger
rCold    . . .     Gourm    .   (shield restricted)
rNeg     . . .     Faith    .   b - +0 robe
rPois    .         Spirit   .   (helmet restricted)
rElec    .         Reflect  .   (no cloak)
rCorr    .         Harm     .   (gloves unavailable)
MR       +....     NoTele   +   (boots unavailable)
Stlth    ++++++++++             (no amulet)
HPRegen  0.20/turn              (no ring)
MPRegen  0.19/turn              (no ring)

@: wreathed by umbra, very quick
A: very small, unfitting armour, see invisible, herbivore, speed 3, slow
metabolism 2
a: Shadow Step, Shadow Form, Renounce Religion


You were in the Dungeon.
You worshipped Dithmenos.
Dithmenos was exalted by your worship.
You were not hungry.

You visited 1 branch You collected 33 gold pieces.

Inventory:

Hand Weapons
 a - a +1 dagger
 r - a +3 dagger (weapon)
Armour
 b - a +0 robe (worn)
Wands
 p - a wand of enslavement (9)
Scrolls
 j - a scroll of blinking
 k - 3 scrolls of torment {unknown}
 l - 4 scrolls of identify
 m - 2 scrolls of remove curse {unknown}
 o - a scroll of holy word {unknown}
Potions
 c - 2 potions of might
 e - 3 potions of curing
 f - 2 potions of heal wounds
 g - a potion of haste
 h - 2 potions of magic
 i - 4 potions of mutation
 n - a potion of flight {unknown}
 q - a potion of berserk rage
Comestibles
 d - 4 rations


   Skills:
 + Level 10.8 Fighting
 * Level 18.3 Short Blades
 - Level 3.0 Dodging
 + Level 18.7 Stealth
 - Level 8.3 Spellcasting
 + Level 13.2 Hexes
 - Level 9.7 Evocations


You had 17 spell levels left.
You knew the following spells:

 Your Spells              Type           Power        Failure   Level  Hunger
a - Corona                Hex            ######.      1%          1    None
b - Ensorcelled Hibernat  Hex/Ice        #####.       1%          2    None
c - Confuse               Hex            ######..     1%          3    None
d - Dazzling Spray        Conj/Hex       #####.       1%          3    None

Your spell library contained the following spells:

 Spells                   Type           Power        Failure   Level  Hunger
 Confusing Touch          Hex            ######       1%          1    None
 Tukima's Dance           Hex            ######..     1%          3    None
 Animate Skeleton         Necr           N/A          8%          1    None
 Apportation              Tloc           #.....       8%          1    None
 Summon Small Mammal      Summ           #...         8%          1    None


Dungeon Overview and Level Annotations

Branches:
Dungeon (1/1)

Altars:
Dithmenos
Elyvilon
Kikubaaqudgha
Okawaru
Ru
Sif Muna
Trog
Uskayaw
Vehumet
Wu Jian
Yredelemnul
Zin
The Shining One
Beogh

Annotations:
D Polyphemus


Innate Abilities, Weirdness & Mutations

You are very small and have problems with some larger weapons.
You are too small for most types of armour.
You have supernaturally acute eyesight. (SInv)
You are a herbivore.
You cover ground extremely quickly.
You need to consume almost no food.


Message History

Polyphemus throws a large rock.
The large rock hits you!!
* * * LOW HITPOINT WARNING * * *
You emit a cloud of dark smoke.
Casting: Confuse (safe; 1% risk of failure)
Confirm with . or Enter, or press ? or * to list all spells.
Aiming: Confuse (safe; 1% risk of failure)
Press: ? - help, Shift-Dir - straight line, f - Polyphemus
Aim: Polyphemus (black smoke, umbra, chance to defeat MR: 42%) Polyphemus resists with some effort.
Your shadow mimicks your spell!
Polyphemus resists with almost no effort.
Okay, then.
Casting: Confuse (safe; 1% risk of failure)
Confirm with . or Enter, or press ? or * to list all spells.
Aiming: Confuse (safe; 1% risk of failure)
Press: ? - help, Shift-Dir - straight line, f/p - Polyphemus
Aim: Polyphemus (black smoke, umbra, chance to defeat MR: 42%) Polyphemus resists with some effort.
Polyphemus hits you!!!
Ouch! That really hurt!
You die...

#.†♣♣ ♣♣♣##'##
###'♣♣♣♣♣♣♣♣♣♣♣♣♣♣♣
#...'
♣♣♣♣†##..##≈≈≈≈≈≈..#
#...#
♣...##.##.#≈≈≈≈≈...#
#).)#
♣♣.##.##.##'†≈≈≈≈####
#####
♣..#†##.†.#≈≈....§§§
P ♣♣†##.##.)#≈..+####
P ♣♣.##.#####§..# .P
♣.....##§@§§..# ..
########C###### ###
▓§§§≈≈≈≈≈ ▓≈§§≈≈≈≈≈
▓≈≈≈YY≈≈≈ ▓≈≈YC..≈≈
▓≈≈≈..≈≈≈ ▓≈≈≈≈≈≈≈≈
▓≈≈≈≈≈≈≈≈


You could see Polyphemus.

Vanquished Creatures
  Frances (D)
  Donald (D)
  2 yaktaur captains (D)
  2 hydras (D)
  Erolcha (D)
  Urug (D)
  A death drake (D)
  A lindwurm (D)
  A deep elf mage (D)
  2 spiny frogs (D)
  A yaktaur (D)
  A komodo dragon (D)
  3 wandering mushrooms (D)
  2 tyrant leeches (D)
  A dream sheep (D)
  5 redbacks (D)
  A shadow (D)
  A necrophage (D)
  5 two-headed ogres (D)
  A water elemental (D)
  A scorpion (D)
  An electric eel (D)
  A jelly (D)
  A wizard (D)
  A necromancer (D)
  3 humans (D)
  A kobold demonologist (D)
  An ooze (D)
  3 rats (D)
47 creatures vanquished.

Vanquished Creatures (others)
  2 draconian scorchers (D)
  6 hellions (D)
  A yaktaur (D)
  3 orc priests (D)
  7 plants (D)
19 creatures vanquished.

Grand Total: 66 creatures vanquished

Notes
Turn   | Place    | Note
-------+----------+-------------------------------------------
     0 | D        | MuseOD the Spriggan Enchanter began the quest for the Orb.
     0 | D        | Reached XP level 1. HP: 9/9 MP: 5/5
     8 | D        | Reached skill level 1 in Fighting
     8 | D        | Reached skill level 5 in Stealth
    55 | D        | Killed a yaktaur
    66 | D        | Reached XP level 2. HP: 8/15 MP: 5/7
    72 | D        | Learned a level 2 spell: Ensorcelled Hibernation
   108 | D        | Killed a hellion
   108 | D        | Killed a hellion
   109 | D        | Killed a hellion
   143 | D        | Killed a hellion
   144 | D        | Killed a white draconian scorcher
   182 | D        | Killed a hellion
   193 | D        | Killed a hellion
   205 | D        | Killed a white draconian scorcher
   226 | D        | Noticed a scorpion
   233 | D        | Killed a scorpion
   233 | D        | Reached skill level 5 in Short Blades
   233 | D        | Reached XP level 3. HP: 19/19 MP: 1/10
   233 | D        | Reached XP level 4. HP: 23/23 MP: 1/11
   238 | D        | Learned a level 3 spell: Confuse
   256 | D        | Learned a level 3 spell: Dazzling Spray
   351 | D        | Noticed a water elemental
   353 | D        | Killed a water elemental
   353 | D        | Reached skill level 5 in Spellcasting
   356 | D        | Found a glowing silver altar of Zin.
   356 | D        | Found a glowing golden altar of the Shining One.
   356 | D        | Found a white marble altar of Elyvilon.
   357 | D        | Noticed a deep elf mage
   377 | D        | Killed a deep elf mage
   377 | D        | Reached skill level 5 in Fighting
   377 | D        | Reached skill level 10 in Short Blades
   377 | D        | Reached XP level 5. HP: 28/30 MP: 1/16
   377 | D        | Reached XP level 6. HP: 32/35 MP: 1/18
   377 | D        | Reached XP level 7. HP: 36/39 MP: 1/19
   494 | D        | Found a basalt altar of Yredelemnul.
   494 | D        | Found a shadowy altar of Dithmenos.
   494 | D        | Found a sacrificial altar of Ru.
   501 | D        | Became a worshipper of Dithmenos the Shadowed
   507 | D        | Found a hide-covered altar of Uskayaw.
   507 | D        | Found an iron altar of Okawaru.
   508 | D        | Found a roughly hewn altar of Beogh.
   508 | D        | Found a bloodstained altar of Trog.
   508 | D        | Found an ornate altar of the Wu Jian Council.
   508 | D        | Noticed a human
   508 | D        | Noticed a human
   510 | D        | Killed a human
   510 | D        | Reached skill level 5 in Hexes
   511 | D        | Killed a human
   532 | D        | Found a radiant altar of Vehumet.
   533 | D        | Found a deep blue altar of Sif Muna.
   533 | D        | Found an ancient bone altar of Kikubaaqudgha.
   535 | D        | Noticed a red devil
   535 | D        | Reached * piety under Dithmenos
   558 | D        | Noticed a shadow
   564 | D        | Killed a shadow
   564 | D        | Reached skill level 5 in Evocations
   564 | D        | Reached XP level 8. HP: 39/45 MP: 7/21
   569 | D        | Reached ** piety under Dithmenos
   737 | D        | Noticed a two-headed ogre
   740 | D        | Killed a two-headed ogre
   740 | D        | Reached *** piety under Dithmenos
   744 | D        | Noticed a two-headed ogre
   744 | D        | Noticed Erolcha
   746 | D        | Killed Erolcha
   746 | D        | Reached XP level 9. HP: 50/50 MP: 22/22
   747 | D        | Killed a two-headed ogre
   756 | D        | Reached **** piety under Dithmenos
   758 | D        | Noticed Donald
   759 | D        | Noticed Frances
   762 | D        | Killed Donald
   762 | D        | Reached skill level 15 in Stealth
   762 | D        | Reached XP level 10. HP: 57/57 MP: 23/23
   763 | D        | Killed Frances
   763 | D        | Reached skill level 15 in Short Blades
   763 | D        | Reached skill level 10 in Hexes
   770 | D        | Noticed a yaktaur captain
   774 | D        | Noticed a yaktaur captain
  1070 | D        | Killed a yaktaur captain
  1337 | D        | Killed a yaktaur captain
  1473 | D        | Reached ***** piety under Dithmenos
  1476 | D        | Reached XP level 11. HP: 49/63 MP: 12/24
  1556 | D        | Reached skill level 10 in Fighting
  1579 | D        | Noticed a lindwurm
  1594 | D        | Killed a lindwurm
  1600 | D        | Reached ****** piety under Dithmenos
  1604 | D        | Noticed Urug
  1607 | D        | Killed Urug
  1611 | D        | Noticed a seven-headed hydra
  1611 | D        | Noticed an eight-headed hydra
  1638 | D        | Killed an eight-headed hydra
  1681 | D        | Killed a seven-headed hydra
  1796 | D        | Noticed a death drake
  1801 | D        | Killed a death drake
  1803 | D        | Noticed Polyphemus
  1815 | D        | Annihilated by Polyphemus

Skill      XL: |  1  2  3  4  5  6  7  8  9 10 11 |
---------------+----------------------------------+-----
Fighting       | 1 2 5 6 7 8 9 10 | 10.8
Short Blades   | 4 5 10 11 13 14 16 18 | 18.3
Stealth        | 6 7 11 12 13 15 17 18 | 18.7
Spellcasting   | 3 4 8 |  8.3
Hexes          | 5 7 9 11 13 | 13.2
Evocations     | 5 9 |  9.7
Dodging        | |  3.0

Action                   |  1- 3 |  4- 6 |  7- 9 | 10-12 || total
-------------------------+-------+-------+-------+-------++-------
Melee: Dagger            |    20 |     7 |    23 |    33 ||    83
 Cast: Ensorcelled Hiber |     2 |       |       |       ||     2
       Confuse           |       |     2 |     9 |    31 ||    42
Evoke: Wand              |       |       |       |     2 ||     2
  Use: Potion            |     1 |       |       |       ||     1
 Stab: Sleeping          |     4 |     1 |    12 |     8 ||    25
       Confused          |       |     2 |     5 |     8 ||    15
Dodge: Dodged            |     8 |     2 |     8 |    12 ||    30
